 Dungeon Crawl Stone Soup version 0.19-a0-1498-g0b85ae9 (webtiles) character file.

178 4thArraOfDagon the Chopper (level 5, 9/47 HPs)
             Began as a Minotaur Berserker on Sept 10, 2016.
             Was a Follower of Trog.
             Quit the game on level 4 of the Dungeon.
             The game lasted 00:02:49 (335 turns).

4thArraOfDagon the Chopper (Minotaur Berserker)      Turns: 335, Time: 00:02:50

Health: 9/47       AC:  3    Str: 23    XL:     5   Next: 32%
Magic:  4/4        EV: 11    Int:  4    God:    Trog [*.....]
Gold:   1          SH:  0    Dex:  9    Spells: 0 memorised, 4 levels left

rFire  . . .     SeeInvis .     a - +0 hand axe
rCold  . . .     Gourm    .     b - +0 animal skin
rNeg   . . .     Faith    .     (no shield)
rPois  .         Spirit   .     (helmet restricted)
rElec  .         Dismiss  .     j - +0 cloak
rCorr  .         Reflect  .     (no gloves)
MR     .....     Harm     .     (no boots)
Stlth  +.........               (no amulet)
                                (no ring)
                                (no ring)

@: quite poisoned (9 -> 4), very slightly contaminated, heavily drained
A: retaliatory headbutt, horns 2
a: Berserk, Burn Spellbooks, Renounce Religion


You were on level 4 of the Dungeon.
You worshipped Trog.
Trog was aware of your devotion.
You were near starving.

You visited 1 branch of the dungeon, and saw 4 of its levels.

You collected 1 gold pieces.

Inventory:

Hand Weapons
 a - a +0 hand axe (weapon)
Armour
 b - a +0 animal skin (worn)
 j - a +0 cloak (worn)
Scrolls
 d - a scroll of blinking
Comestibles
 c - a bread ration
 f - 3 fruits
 g - 2 meat rations
 h - a slice of pizza
 k - a chunk of flesh


   Skills:
 + Level 4.8(3.6) Fighting
 * Level 5.7(4.5) Axes
 + Level 3.9(2.8) Armour
 - Level 2.1(1.1) Dodging


You had 4 spell levels left.
You didn't know any spells.

Dungeon Overview and Level Annotations

Branches:
Dungeon (4/15)
 Temple: D:4-7

Altars:
Kikubaaqudgha


Innate Abilities, Weirdness & Mutations

You reflexively headbutt those who attack you in melee.
You have a pair of horns on your head.


Message History

* * * LOW HITPOINT WARNING * * *
Unknown command.
Okay, then.
Unknown command.
Blink to where?
Press: ? - help, Dir - move target cursor You are very lightly contaminated with residual magic.
As you read the scroll of blinking, it crumbles to dust.
You hit the worker ant.
The worker ant is moderately wounded.
The worker ant bites you.
* * * LOW HITPOINT WARNING * * *
You are poisoned.
The worker ant poisons you!
You closely miss the worker ant. Your headbutt misses the worker ant.
The worker ant is moderately wounded.
You feel sick.
The worker ant bites you but does no damage.
The worker ant closely misses you.
Are you sure you want to abandon this character and quit the game? (Confirm with "yes".)

.## .# ## ....#..###..
..######.##.. ..........#
............# #........#
.##........# #........#
..........# #. #........#
.##.......# #.####........#
.##.......###.##...#.....##
.......z..##..##......#..#
.##.............@..##.#..##
.##.......##...a#####.#...###
.............#........##...?#
.#...##.#...................#
......$.......#....z..##.####
......<....####.....Z.##)z#
..#####.................#.##
..###..............$..#.#z.#
.##...##..............#.##.#


You could see a worker ant.

Vanquished Creatures
  A scorpion (D:4)
  A howler monkey (D:4)
  Crazy Yiuf (D:3)
  A worker ant (D:4)
  An adder (D:4)
  An adder skeleton (D:4)
  A worm (D:2)
  2 giant geckos
  An orc (D:4)
  2 goblins (D:2)
  4 hobgoblins
  2 jackals (D:3)
  A quokka (D:2)
  A ball python (D:1)
  2 bats (D:1)
  A giant newt (D:3)
  4 rats
27 creatures vanquished.

Notes
Turn   | Place    | Note
-------+----------+-------------------------------------------
     0 | D:1      | 4thArraOfDagon the Minotaur Berserker began the quest for the Orb.
     0 | D:1      | Reached XP level 1. HP: 19/19 MP: 0/0
    86 | D:2      | Reached XP level 2. HP: 27/27 MP: 1/1
   105 | D:2      | Xiguana: hello can i kill lernie with this over here http://crawl.xtahua.com/crawl/morgue/Xiguana/Xiguana.txt
   113 | D:3      | 4thArraOfDagon: hi
   113 | D:3      | 4thArraOfDagon: lets see
   113 | D:3      | 4thArraOfDagon: i dont think so
   113 | D:3      | 4thArraOfDagon: do you have access to summons?
   113 | D:3      | Xiguana: not quite
   113 | D:3      | Xiguana: only from axe
   113 | D:3      | Xiguana: you can come to my game if it will be any easier
   113 | D:3      | 4thArraOfDagon: ok lets do
   126 | D:3      | Reached skill level 4 in Axes
   138 | D:3      | Found an ancient bone altar of Kikubaaqudgha.
   185 | D:3      | Found a runed door.
   189 | D:3      | Noticed Crazy Yiuf
   193 | D:3      | Killed Crazy Yiuf
   193 | D:3      | Reached XP level 3. HP: 23/33 MP: 2/2
   220 | D:4      | Noticed a scorpion
   250 | D:4      | Reached ** piety under Trog
   251 | D:4      | Reached XP level 4. HP: 38/41 MP: 3/3
   252 | D:4      | Reached skill level 5 in Axes
   259 | D:4      | Reached XP level 5. HP: 16/47 MP: 4/4
   335 | D:4      | Quit the game

Vault maps used:
D:1:      tarquinn_simple_flora_water_c
D:2:      uniq_natasha
D:3:      kiku_gazebo_garden_becter, old_standard_altar, uniq_crazy_yiuf_cottage
D:4:      uniq_robin

Skill      XL: |  1  2  3  4 |
---------------+-------------+-----
Fighting       | 4 |  4.8
Axes           | 4 5 |  5.7
Armour         | 3 |  3.9
Dodging        | |  2.1

Action                   |  1- 3 |  4- 6 || total
-------------------------+-------+-------++-------
Melee: Hand axe          |    37 |    10 ||    47
       Headbutt          |     8 |       ||     8
Invok: Berserk           |     3 |       ||     3
       Trog's Hand       |       |     2 ||     2
  Use: Scroll            |       |     3 ||     3
       Potion            |       |     2 ||     2
 Stab: Sleeping          |     1 |       ||     1
Armor: Animal skin       |     5 |     2 ||     7
Dodge: Dodged            |    31 |    10 ||    41
